 Dungeon Crawl Stone Soup version 0.28.0-45-g0d030f2227 (webtiles) character file.

Game seed: 16046728528791729588

333 Ablot the Cutter (level 6, -21/53 HPs)
             Began as a Gnoll Chaos Knight on Apr 10, 2022.
             Was a Plaything of Xom.
             Demolished by a chaos spawn (24 damage)
             ... summoned by Xom
             ... on level 2 of the Dungeon.
             The game lasted 00:06:23 (2504 turns).

Ablot the Cutter (Gnoll Chaos Knight)               Turns: 2504, Time: 00:06:24

Health: -21/53     AC:  6    Str: 14      XL:     6   Next: 52%
Magic:  9/9        EV: 12    Int: 11      God:    Xom [*.....]
Gold:   112        SH:  0    Dex:  8 (9)  Spells: 9/9 levels left

rFire   . . .      SeeInvis .   a - +0 short sword (chaos)
rCold   . . .      Faith    .   (no shield)
rNeg    . . .      Spirit   .   b - +2 leather armour
rPois   .          Reflect  .   i - +0 helmet
rElec   .          Harm     .   (no cloak)
rCorr   .          Rampage  .   (no gloves)
Will    .....                   (no boots)
Stlth   +.........              (no amulet)
HPRegen 0.17/turn               (no ring)
MPRegen 0.11/turn               (no ring)

@: no status effects
A: fangs 1, strong nose, distributed training, clumsy 1, deterioration 1
a: Renounce Religion


You were on level 2 of the Dungeon.
You worshipped Xom.
You were a special plaything of Xom.
You visited 1 branch of the dungeon, and saw 3 of its levels.

You collected 112 gold pieces.

Inventory:

Hand Weapons
 a - a +0 short sword of chaos (weapon)
Missiles
 d - 69 stones (quivered)
 g - a throwing net
 l - 42 arrows
Armour
 b - a +2 leather armour (worn)
 i - a +0 helmet (worn)
Wands
 k - a wand of mindburst (11)
Scrolls
 c - 2 scrolls of fear {unknown}
 f - a scroll of identify {unknown}
 j - a scroll of vulnerability {unknown}
 m - a scroll of amnesia {unknown}
 o - 3 scrolls of noise {unknown}
Potions
 e - a potion of attraction {unknown}
 h - a potion of lignification {unknown}
 n - a potion of mutation {unknown}
 p - a potion of curing {unknown}


   Skills:
 + Level 6.8 Fighting
 + Level 6.8 Short Blades
 + Level 2.0 Long Blades
 + Level 2.0 Axes
 + Level 2.0 Maces & Flails
 + Level 2.0 Polearms
 + Level 2.0 Staves
 + Level 2.0 Slings
 + Level 2.0 Bows
 + Level 2.0 Crossbows
 + Level 2.0 Throwing
 + Level 5.0 Armour
 + Level 3.2 Dodging
 + Level 2.0 Stealth
 + Level 2.0 Shields
 + Level 2.0 Unarmed Combat
 + Level 2.0 Spellcasting
 + Level 1.5 Conjurations
 + Level 1.5 Hexes
 + Level 1.5 Summonings
 + Level 1.5 Necromancy
 + Level 1.5 Translocations
 + Level 1.5 Transmutations
 + Level 1.5 Fire Magic
 + Level 1.5 Ice Magic
 + Level 1.5 Air Magic
 + Level 1.5 Earth Magic
 + Level 1.5 Poison Magic
 + Level 2.2 Invocations
 + Level 2.0 Evocations


You had 9 spell levels left.
You didn't know any spells.
Your spell library contained the following spells:

 Spells                   Type           Power      Damage    Failure   Level
 Gell's Gravitas          Tloc           4%         N/A       50%         3
 Lesser Beckoning         Tloc           4%         N/A       50%         3
 Teleport Other           Tloc           4%         N/A       50%         3


Dungeon Overview and Level Annotations

Branches:
Dungeon (3/15)

Altars:

Shops:
D:1 :   D:2 ([:(

Annotations:
D:3 Terence


Innate Abilities, Weirdness & Mutations

You have very sharp teeth.
Your uncanny sense of smell can sniff out nearby items.
Your experience applies equally to all skills.
You are clumsy. (Dex -2)
Your body sometimes deteriorates upon taking damage.


Message History

The quasit misses you. The quasit barely misses you.
The quasit claws you but does no damage.
The quasit barely misses you.
Things that are here:
a +0 whip; a +0 flail You miss the quasit.
The quasit bites you but does no damage.
The quasit misses you.
The quasit claws you but does no damage.
You hit the quasit but do no damage.
The quasit seems to speed up.
Xom is highly amused!
The quasit barely misses you.
The quasit claws you but does no damage.
The quasit misses you.
You completely miss the quasit. The quasit closely misses you. x2
The quasit claws you but does no damage.
You barely miss the chaos spawn. You hit the chaos spawn.
The chaos spawn is lightly wounded.
The chaos spawn gores you but does no damage.
You hit the chaos spawn.
Lightning courses through the chaos spawn!
Your punch misses the chaos spawn.
The chaos spawn is heavily wounded.
You hit the chaos spawn.
The chaos spawn seems to grow stronger.
The chaos spawn is severely wounded.
The chaos spawn barely misses you.
You miss the chaos spawn.
The chaos spawn is severely wounded.
The chaos spawn hits you!!
* * * LOW HITPOINT WARNING * * *
Your body deteriorates!
You feel clumsy. The chaos spawn freezes you!
* * * LOW HITPOINT WARNING * * *
You hit the chaos spawn. You freeze the chaos spawn.
The chaos spawn is severely wounded.
The chaos spawn gores you!!
You die...
Xom bursts into laughter!

##......######.....#
#......# #......#
#.....###########..#
#......#
#...................
#......#
#......##########.##
#......# ##.##..#
#.....#... #......#
#.##..# #.###.####
#......#
#..#..####.# #.#
#......#
##.#.......# #.#
#......# #@#.#######
#.# ######## #4#.#
#.# #55.# #.#
######### ##..# #.#
........# #..# #.#
## #######.# #..#
#.# #. #######.#
#..###### #.# #.
.....##.# ##>.....#
#.###. ........#
######.# #..รท..


You could see a chaos spawn (summoned, strong) and 2 quasits.

Vanquished Creatures
  Sigmund (D:3)
  Natasha (thrice) (D:2)
  2 adders (D:2)
  2 gnolls (D:2)
  A worm (D:2)
  A dart slug (D:2)
  3 ball pythons
  3 bats
  3 endoplasms (D:1)
  A giant cockroach (D:1)
  2 goblins
  7 hobgoblins
  3 jackals (D:2)
  3 quokkas
  6 frilled lizards (D:1)
  3 kobolds
  4 rats
48 creatures vanquished.

Vanquished Creatures (others)
  A plant (D:1)
1 creature vanquished.

Grand Total: 49 creatures vanquished

Notes
Turn   | Place    | Note
-------+----------+-------------------------------------------
     0 | D:1      | Ablot the Gnoll Chaos Knight began the quest for the Orb.
     0 | D:1      | Reached XP level 1. HP: 23/23 MP: 1/1
    90 | D:1      | Reached XP level 2. HP: 29/29 MP: 2/2
   354 | D:1      | XOM: cast spell 'Summon Small Mammal'
   361 | D:1      | XOM: noise
   453 | D:1      | Found Wydda's Book Shoppe.
   497 | D:1      | Reached XP level 3. HP: 34/35 MP: 3/3
   710 | D:2      | Reached skill level 1 in Invocations
   755 | D:2      | Reached skill level 1 in Long Blades
   755 | D:2      | Reached skill level 1 in Axes
   755 | D:2      | Reached skill level 1 in Maces & Flails
   755 | D:2      | Reached skill level 1 in Polearms
   755 | D:2      | Reached skill level 1 in Staves
   755 | D:2      | Reached skill level 1 in Slings
   755 | D:2      | Reached skill level 1 in Bows
   755 | D:2      | Reached skill level 1 in Crossbows
   755 | D:2      | Reached skill level 1 in Throwing
   755 | D:2      | Reached skill level 1 in Stealth
   755 | D:2      | Reached skill level 1 in Shields
   755 | D:2      | Reached skill level 1 in Unarmed Combat
   755 | D:2      | Reached skill level 1 in Spellcasting
   755 | D:2      | Reached skill level 1 in Evocations
   787 | D:2      | Found Huyreept's Weapon Shoppe.
  1018 | D:2      | Reached XP level 4. HP: 33/41 MP: 5/5
  1296 | D:2      | Found Yclek's Armour Shop.
  1299 | D:2      | Noticed Natasha
  1318 | D:2      | Killed Natasha
  1319 | D:2      | Reached skill level 1 in Conjurations
  1319 | D:2      | Reached skill level 1 in Hexes
  1319 | D:2      | Reached skill level 1 in Summonings
  1319 | D:2      | Reached skill level 1 in Necromancy
  1319 | D:2      | Reached skill level 1 in Translocations
  1319 | D:2      | Reached skill level 1 in Transmutations
  1319 | D:2      | Reached skill level 1 in Fire Magic
  1319 | D:2      | Reached skill level 1 in Ice Magic
  1319 | D:2      | Reached skill level 1 in Air Magic
  1319 | D:2      | Reached skill level 1 in Earth Magic
  1319 | D:2      | Reached skill level 1 in Poison Magic
  1362 | D:2      | Found a faded altar of an unknown god.
  1362 | D:2      | Noticed Natasha
  1362 | D:2      | XOM: noise
  1373 | D:2      | Killed Natasha
  1374 | D:2      | Reached XP level 5. HP: 18/47 MP: 5/7
  1867 | D:2      | Found Qusaag's Weapon Boutique.
  1868 | D:2      | Found Ygil Xaurebb's Book Emporium.
  2111 | D:2      | XOM: give mutations
  2111 | D:2      | Gained mutation: You are clumsy. (Dex -2) [Xom's mischief]
  2111 | D:2      | Gained mutation: You are dopey. (Int -2) [Xom's mischief]
  2111 | D:2      | Lost mutation: You are dopey. (Int -2) [Xom's mischief]
  2111 | D:2      | Gained mutation: Your body sometimes deteriorates upon
                  | taking damage. [Xom's mischief]
  2122 | D:2      | Noticed Natasha
  2130 | D:2      | Killed Natasha
  2334 | D:3      | Noticed Sigmund
  2346 | D:3      | Killed Sigmund
  2347 | D:3      | Reached skill level 5 in Armour
  2347 | D:3      | Reached XP level 6. HP: 26/53 MP: 7/9
  2350 | D:3      | Noticed Terence
  2397 | D:3      | XOM: chaos upgrade
  2488 | D:2      | XOM: summons 4 hostile demons
  2489 | D:2      | Noticed a chaos spawn
  2504 | D:2      | Demolished by a chaos spawn

Illustrated notes

Levels and vault maps discovered:
D:1:      onia_arrival_pentagram, layout_rooms, serial_shops, shop,
          serial_bayou_crossing
D:2:      layout_basic, chequers_ecumenical_altar_simple_redux, serial_shops,
          shop_fountains, shop, shop, shop, amethyst_killhole, uniq_natasha
D:3:      layout_loops_ring, minmay_overflow_temple_hex, minmay_rat_hole,
          uniq_terence, uniq_sigmund

Skill      XL: |  1  2  3  4  5 |
---------------+----------------+-----
Invocations    | 1 2 |  2.2
Long Blades    | 1 2 |  2.0
Axes           | 1 2 |  2.0
Maces & Flails | 1 2 |  2.0
Polearms       | 1 2 |  2.0
Staves         | 1 2 |  2.0
Slings         | 1 2 |  2.0
Bows           | 1 2 |  2.0
Crossbows      | 1 2 |  2.0
Throwing       | 1 2 |  2.0
Stealth        | 1 2 |  2.0
Shields        | 1 2 |  2.0
Unarmed Combat | 1 2 |  2.0
Spellcasting   | 1 2 |  2.0
Evocations     | 1 2 |  2.0
Conjurations   | 1 |  1.5
Hexes          | 1 |  1.5
Summonings     | 1 |  1.5
Necromancy     | 1 |  1.5
Translocations | 1 |  1.5
Transmutations | 1 |  1.5
Fire Magic     | 1 |  1.5
Ice Magic      | 1 |  1.5
Air Magic      | 1 |  1.5
Earth Magic    | 1 |  1.5
Poison Magic   | 1 |  1.5
Dodging        | 3 |  3.2
Armour         | 5 |  5.0
Fighting       | |  6.8
Short Blades   | |  6.8

Action                   |  1- 3 |  4- 6 || total
-------------------------+-------+-------++-------
Melee: Short sword       |    75 |    98 ||   173
       Bite              |     6 |     9 ||    15
       Punch             |       |     1 ||     1
Throw: Stone             |     2 |       ||     2
 Stab: Paralysed         |     1 |     1 ||     2
       Sleeping          |     1 |       ||     1
Armor: Leather armour    |    28 |    42 ||    70
Dodge: Dodged            |    36 |    73 ||   109
